 Dungeon Crawl Stone Soup version 0.25-a0-701-gb30f108f01 (webtiles) character file.

Game seed: 8509261339408033033, levelgen mode: deterministic

72 Hartz the Digger (level 4, -6/24 HPs)
             Began as a Gargoyle Earth Elementalist on Apr 3, 2020.
             Mangled by Sigmund
             ... wielding a +0 scythe
              (8 damage)
             ... on level 2 of the Dungeon.
             The game lasted 00:04:19 (1846 turns).

Hartz the Digger (Gargoyle Earth Elementalist)      Turns: 1846, Time: 00:04:19

Health: -6/24      AC:  5    Str: 10 (12) XL:     4   Next: 25%
Magic:  6/8        EV: 12    Int: 13 (16) God:
Gold:   36         SH:  0    Dex:  7 (10) Spells: 5/9 levels left

rFire    . . .     SeeInvis .   j - +1 short sword (freeze)
rCold    . . .     Gourm    .   (no shield)
rNeg     + . .     Faith    .   c - +0 robe
rPois    ∞         Spirit   .   (no helmet)
rElec    +         Reflect  .   (no cloak)
rCorr    .         Harm     .   (no gloves)
MR       .....                  (no boots)
Stlth    ++........             (no amulet)
HPRegen  0.08/turn              (no ring)
MPRegen  0.11/turn              (no ring)

@: no status effects
A: negative energy resistance 1, electricity resistance, unbreathing,
petrification resistance, rot immunity, AC +3
a: no special abilities


You were on level 2 of the Dungeon.
You were hungry.

You visited 1 branch of the dungeon, and saw 2 of its levels.

You collected 36 gold pieces.

Inventory:

Hand Weapons
 a - a +0 mace
 j - a +1 short sword of freezing (weapon)
Missiles
 b - 20 stones (quivered)
Armour
 c - a +0 robe (worn)
Scrolls
 e - a scroll of amnesia
 h - 3 scrolls of enchant weapon {unknown}
 l - a scroll of identify {unknown}
Comestibles
 d - 3 rations


   Skills:
 - Level 1.5 Dodging
 - Level 2.1 Stealth
 + Level 3.0 Spellcasting
 + Level 1.4 Conjurations
   Level 0.7 Transmutations
 + Level 4.7 Earth Magic


You had 5 spell levels left.
You knew the following spells:

 Your Spells              Type           Power        Failure   Level  Hunger
a - Sandblast             Erth           ##....       3%          1    #......
b - Stone Arrow           Conj/Erth      #.....       19%         3    ###....

Your spell library contained the following spells:

 Spells                   Type           Power        Failure   Level  Hunger
 Passwall                 Tmut/Erth      #.......     11%         2    ###....
 Petrify                  Tmut/Erth      #.......     58%         4    #####..
 Lee's Rapid Deconstruct  Erth           ##........   65%         5    ######.


Dungeon Overview and Level Annotations

Branches:
Dungeon (2/15)

Altars:

Annotations:
D:2 Sigmund


Innate Abilities, Weirdness & Mutations

You are resistant to torment.
Your stone body is resilient. (AC +3)
You are immune to poison.
You resist negative energy. (rN+)
You are resistant to electric shocks. (rElec)
You can survive without breathing.
You are immune to petrification.
You are immune to rotting.


Message History

Press: ? - help, Shift-Dir - straight line
b - 20 stones Something hits you!
As you read the scroll labeled ZUGOZEAJAXT, it crumbles to dust.
It is a scroll of amnesia.
Really abort (and waste the scroll)?
Okay, then.
Something hits you!
* * * LOW HITPOINT WARNING * * *
It was a potion of degeneration.
There was something very wrong with that liquid.
You feel weakened.
You feel dopey.
You feel clumsy.
It was a potion of magic.
Magic courses through your body. Something hits you but does no damage.
Casting: Sandblast (safe; 3% risk of failure)
Confirm with . or Enter, or press ? or * to list all spells.
Aiming: Stone Arrow (safe; 19% risk of failure)
Press: ? - help, Shift-Dir - straight line The stone arrow hits something.
Something hits you!
You die...

#... # ... # . #..# ...
.# ..# #..# #.# .# #.#
#..# #.# ##.##.##
#..####.###
##..{...###..........
#..#..............###
#...@# #.##.#####.# #
#.#..# #.....# #.#
#.##.###.....####.#
#.####.###.>.#.##..)...#
#.....).....##.#########
######.#######.# #.# #.#
#.# #.# #.# #<#


There were no monsters in sight!

Vanquished Creatures
  Terence (D:2)
  3 dart slugs (D:1)
  A leopard gecko (D:1)
  4 bats (D:1)
  2 giant cockroaches (D:1)
  A goblin (D:2)
  5 hobgoblins
  9 jackals (D:1)
  2 kobolds
  3 frilled lizards
  6 rats
37 creatures vanquished.

Notes
Turn   | Place    | Note
-------+----------+-------------------------------------------
     0 | D:1      | Hartz the Gargoyle Earth Elementalist began the quest for
                  | the Orb.
     0 | D:1      | Reached XP level 1. HP: 10/10 MP: 3/3
    90 | D:1      | Reached XP level 2. HP: 10/15 MP: 0/5
   194 | D:1      | Reached skill level 4 in Earth Magic
   466 | D:1      | Reached XP level 3. HP: 17/19 MP: 6/6
   471 | D:1      | Learned a level 3 spell: Stone Arrow
  1709 | D:2      | Noticed Terence
  1758 | D:2      | Killed Terence
  1758 | D:2      | Reached skill level 1 in Conjurations
  1758 | D:2      | Reached XP level 4. HP: 24/24 MP: 3/8
  1836 | D:2      | Noticed Sigmund
  1843 | D:2      | HP: 1/24 [something (8)]
  1846 | D:2      | Mangled by Sigmund

Levels and vault maps discovered:
D:1:      kennysheep_arrival_seaside, layout_loops_ring, minmay_door_square
D:2:      layout_loops_ring, first_ration, uniq_crazy_yiuf_cottage,
          uniq_terence, uniq_sigmund

Skill      XL: |  1  2  3 |
---------------+----------+-----
Earth Magic    | 4 |  4.7
Spellcasting   | 3 |  3.0
Conjurations   | 1 |  1.4
Dodging        | |  1.5
Stealth        | |  2.1
Transmutations | |  0.7

Action                   |  1- 3 |  4- 6 || total
-------------------------+-------+-------++-------
Melee: Mace              |   126 |    10 ||   136
 Cast: Sandblast         |    24 |     5 ||    29
       Stone Arrow       |       |     2 ||     2
  Use: Potion            |     3 |     2 ||     5
       Scroll            |       |     1 ||     1
 Stab: Distracted        |     1 |       ||     1
       Sleeping          |     1 |       ||     1
  Eat: Chunk             |     3 |       ||     3
Armor: Robe              |    49 |     2 ||    51
       Skin              |    30 |     4 ||    34
Dodge: Dodged            |   107 |     5 ||   112

Table legend:
 A = Non-vault XP
 B = Vault XP
 C = Vault XP percentage of total XP
 D = Non-vault monster count
 E = Vault monster count
 F = Vault count percentage of total count
                 A         B        C        D         E       F
            +---------+---------+-------+---------+---------+-------
      Total |      67 |      36 |  35.0 |      36 |       1 |   2.7
            +---------+---------+-------+---------+---------+-------
        D:1 |      54 |       0 |   0.0 |      27 |       0 |   0.0
        D:2 |      13 |      36 |  73.5 |       9 |       1 |  10.0
            +---------+---------+-------+---------+---------+-------
